Rafales vs Little Stars
(R1)
Created - March 7, 2018 at 19:01
Goals
|
| Rafales |
0 |
0 |
2 |
2 |
| Little Stars |
1 |
2 |
3 |
6 |
|
Shots
|
| Rafales |
8 |
3 |
13 |
24 |
| Little Stars |
5 |
11 |
9 |
25 |
|
1st period
1. Little Stars , Dana Tyrell 34 (Tyson Barrie 22, Jesse Joensuu 45) at 19:17
Penalties :
Mathieu Perreault (Tex) for High sticking (Double Minor) at 0:52, Jesse Joensuu (Tex) for High sticking (Minor) at 7:01
2nd period
2. Little Stars , Robert Klinkhammer 12 (Mathieu Perreault 26) at 1:17
3. Little Stars , Jesper Fast 21 (Alexander Vasyunov 14) at 11:02
Penalties :
Tyler Wotherspoon (Tex) for Interference (Minor) at 2:37, Connor Murphy (Stf) for Holding (Minor) at 11:31
3rd period
4. Little Stars , Dana Tyrell 35 (Jesse Joensuu 46, Hugh Jessiman 14) at 0:33
5. Little Stars , Jesper Fast 22 (Alexander Vasyunov 15, Mathieu Perreault 27) at 3:21
6. Little Stars , Daniel Catenacci 2 (Niklas Hjalmarsson 34, Phil Oreskovic 27) at 12:12
7. Rafales , Nathan Davis 21 (Mark Fayne 31) at 12:44
8. Rafales , Marc-André Gragnani 6 (Dylan McIlrath 10, Leland Irving) at 15:09 (PP)
Penalties :
Cody McLeod (Stf) for Roughing (Minor) at 9:30, Phil Oreskovic (Tex) for Fighting (Major) at 12:49, Mark Fayne (Stf) for Fighting (Major) at 12:49, Tyson Barrie (Tex) for Hooking (Minor) at 14:04
Goalie Stats
Philipp Grubauer (Stf), 13 saves from 17 shots - (0.765), L, 12-6-3, 40:33 minutes
Leland Irving (Stf), 6 saves from 8 shots - (0.750), 19:27 minutes
Jhonas Enroth (Tex), 22 saves from 24 shots - (0.917), W, 37-12-1, 60:00 minutes
Players Stats for Rafales
Player Name G A P +/- PIM S H SB GA TA FO MP PP MP PK MP
------------------------------------------------------------------------------------
Akim Aliu 0 0 0 0 0 0 0 0 0 0 0/0 0:00 0:00 0:00
Ben Thomson 0 0 0 0 0 0 0 0 0 0 0/0 0:58 0:17 0:41
Brian Ferlin 0 0 0 -1 0 0 2 1 0 0 0/0 12:05 0:54 0:00
Chris Terry 0 0 0 -1 0 0 3 0 0 1 0/0 10:38 0:00 0:00
Cody McLeod 0 0 0 -4 2 5 4 1 0 1 2/4 20:52 4:41 0:47
Connor Murphy 0 0 0 -2 2 2 2 2 0 1 0/0 22:56 3:52 0:54
Dylan McIlrath 0 1 1 0 0 0 1 1 0 0 0/0 15:19 1:32 0:41
James Marcou 0 0 0 0 0 1 2 0 0 0 0/0 6:33 0:00 0:00
Jarret Stoll 0 0 0 0 0 3 2 0 0 0 3/8 18:34 3:24 1:15
Jayson Megna 0 0 0 -1 0 0 1 0 0 0 2/2 2:57 0:00 1:25
Julian Melchiori 0 0 0 -4 0 0 2 0 0 1 0/0 25:06 3:52 1:43
Kevin Veilleux 0 0 0 0 0 0 0 1 0 0 0/1 6:33 0:00 0:00
Maksim Mayorov 0 0 0 0 0 0 0 0 0 0 0/0 6:33 0:00 0:00
Marc-André Gragnani 1 0 1 -1 0 1 3 1 0 0 0/0 28:43 4:35 2:23
Mark Fayne 0 1 1 -3 5 1 2 2 2 0 0/0 24:28 3:38 2:15
Michael Bournival 0 0 0 0 0 0 2 0 0 0 1/1 9:47 3:11 0:00
Mike Zigomanis 0 0 0 -4 0 2 4 0 2 0 15/26 22:09 4:44 1:51
Milan Bartovic 0 0 0 -3 0 3 4 1 2 0 0/1 20:33 4:41 1:06
Nathan Davis 1 0 1 -1 0 4 1 0 0 0 3/4 10:38 0:00 0:00
Nicklas Jensen 0 0 0 0 0 0 0 0 0 0 0/0 0:35 0:35 0:00
Petr Kalus 0 0 0 0 0 0 0 0 0 0 1/1 9:28 1:11 0:00
Ryan Bourque 0 0 0 0 0 0 0 0 0 0 0/0 3:03 0:41 0:51
Stefan Chaput 0 0 0 0 0 0 0 0 0 0 0/0 0:00 0:00 0:00
Tim Crowder 0 0 0 0 0 2 2 0 1 0 0/1 17:31 3:22 0:00
Players Stats for Little Stars
Player Name G A P +/- PIM S H SB GA TA FO MP PP MP PK MP
------------------------------------------------------------------------------------
Alex Chiasson 0 0 0 0 0 2 2 0 1 0 4/7 21:06 1:05 4:29
Alexander Vasyunov 0 2 2 2 0 0 3 1 0 0 2/2 13:25 0:00 1:27
Andrej Sustr 0 0 0 0 0 0 0 0 0 0 0/0 2:28 0:00 1:37
Brian Flynn 0 0 0 0 0 3 5 0 0 0 8/14 19:21 0:58 3:06
Dana Tyrell 2 0 2 1 0 7 1 0 1 0 3/16 15:24 2:13 0:23
Daniel Catenacci 1 0 1 2 0 1 0 0 0 0 1/2 7:52 0:00 0:00
Hugh Jessiman 0 1 1 1 0 2 3 0 0 0 2/4 17:49 2:13 3:06
Jesper Fast 2 0 2 2 0 3 3 0 0 0 0/0 10:56 0:47 0:00
Jesse Joensuu 0 2 2 1 2 0 3 0 0 0 0/0 17:04 2:13 0:53
Jordie Benn 0 0 0 2 0 0 4 1 0 0 0/0 19:20 2:01 3:50
Mathieu Perreault 0 2 2 2 4 1 2 0 0 0 0/2 12:02 0:48 0:00
Niklas Hjalmarsson 0 1 1 3 0 3 0 1 0 2 0/0 27:55 1:57 4:32
Phil Oreskovic 0 1 1 3 5 0 2 0 0 2 0/0 25:55 1:57 4:14
Robert Klinkhammer 1 0 1 2 0 2 0 0 0 0 0/0 8:57 0:00 0:11
Scott Kosmachuck 0 0 0 2 0 0 0 1 0 0 0/0 8:31 0:39 0:00
Shawn Matthias 0 0 0 0 0 0 1 0 1 1 2/2 20:44 0:58 4:29
Tyler Wotherspoon 0 0 0 1 2 1 2 3 1 1 0/0 20:49 0:24 2:31
Tyson Barrie 0 1 1 1 2 0 4 4 0 1 0/0 21:15 1:37 1:20
3 Stars
1 - Jesper Fast (Tex)
2 - Dana Tyrell (Tex)
3 - Alexander Vasyunov (Tex)
Power Play
Rafales - 1 on 5 Attempt(s) - 20.00%
Little Stars - 0 on 2 Attempt(s) - 0.00%
Penalty Kill
Rafales - 2 on 2 Attempt(s) - 100.00%
- Score 0 goal in Penalty Kill
Little Stars - 4 on 5 Attempt(s) - 80.00%
- Score 0 goal in Penalty Kill
Team Stat
Rafales - Hits : 37 - Faceoff Wins : 27 - Blocked Shots : 10 - Penalty Minutes : 9
Little Stars - Hits : 35 - Faceoff Wins : 22 - Blocked Shots : 11 - Penalty Minutes : 15
Official
Referees : LaRue Dennis and L'Ecuyer Frederick
Linesman : Scott Cherrey and Scott Driscoll
Game Notes
Andrej Sustr is injured at 6:26 of 1st period (Sports Hernia)
Michael Bournival is injured at 15:37 of 2nd period (Left Wrist)
Leland Irving enters game at 0:33 of 3rd period
Phil Oreskovic and Mark Fayne fight to a draw at 12:49 of 3rd period
Finance
Level 1 -- Attendance: 1599 (79.95%) -- Ticket Income $55,965
Level 2 -- Attendance: 820 (82.00%) -- Ticket Income $16,400
Total Attendance: 2419 (80.63%)
Total Ticket Income: $72,365
Other Income: $3,618
Total Income: $75,983
Rafales
5 vs 5 Forward
Center Left Wing Right Wing Time % Phy DF OF
1 Mike Zigomanis Cody McLeod Milan Bartovic 40 1 2 2
2 Jarret Stoll Michael Bournival Tim Crowder 30 1 2 2
3 Nathan Davis Chris Terry Brian Ferlin 20 1 2 2
4 Kevin Veilleux Maksim Mayorov James Marcou 10 1 2 2
5 vs 5 Defense
Defense Defense Time % Phy DF OF
1 Marc-André Gragnani Mark Fayne 40 1 2 2
2 Julian Melchiori Connor Murphy 30 1 2 2
3 Dylan McIlrath Marc-André Gragnani 20 1 2 2
4 Mark Fayne Julian Melchiori 10 1 2 2
PowerPlay Forward
Center Left Wing Right Wing Time % Phy DF OF
1 Mike Zigomanis Cody McLeod Milan Bartovic 60 1 2 2
2 Jarret Stoll Michael Bournival Tim Crowder 40 1 2 2
PowerPlay Defense
Defense Defense Time % Phy DF OF
1 Marc-André Gragnani Mark Fayne 60 1 2 2
2 Julian Melchiori Connor Murphy 40 1 2 2
Penalty Kill 4 Players Forward
Center Wing Time % Phy DF OF
1 Mike Zigomanis Jarret Stoll 60 1 2 2
2 Cody McLeod Milan Bartovic 40 1 2 2
Penalty Kill 4 Players Defense
Defense Defense Time % Phy DF OF
1 Marc-André Gragnani Mark Fayne 60 1 2 2
2 Julian Melchiori Connor Murphy 40 1 2 2
Penalty Kill - 3 Players Forward
Forward Time % Phy DF OF
1 Mike Zigomanis 60 1 2 2
2 Jarret Stoll 40 1 2 2
Penalty Kill - 3 Players Defense
Defense Defense Time % Phy DF OF
1 Marc-André Gragnani Mark Fayne 60 1 2 2
2 Julian Melchiori Connor Murphy 40 1 2 2
4 vs 4 Forward
Center Wing Time % Phy DF OF
1 Mike Zigomanis Jarret Stoll 60 1 2 2
2 Cody McLeod Milan Bartovic 40 1 2 2
4 vs 4 Defense
Defense Defense Time % Phy DF OF
1 Marc-André Gragnani Mark Fayne 60 1 2 2
2 Julian Melchiori Connor Murphy 40 1 2 2
Last Minutes Offensive
Center Left Wing Right Wing Defense Defense
Mike Zigomanis Cody McLeod Milan Bartovic Marc-André Gragnani Mark Fayne
Last Minutes Defensive
Center Left Wing Right Wing Defense Defense
Mike Zigomanis Cody McLeod Milan Bartovic Marc-André Gragnani Mark Fayne
Goaltenders
Starting : Philipp Grubauer
Backup : Leland Irving
Extra Forwards
Normal : Petr Kalus, Ryan Bourque, Jayson Megna - PP : Petr Kalus, Ryan Bourque - PK : Jayson Megna
Extra Defensemen
Normal : Dylan McIlrath, Connor Murphy, Marc-André Gragnani - PP : Dylan McIlrath - PK : Connor Murphy, Marc-André Gragnani
Penalty Shots
Mike Zigomanis, Jarret Stoll, Cody McLeod, Milan Bartovic, Nathan Davis
Scratches
Ben Sexton (Healthy), Cedric Paquette (Healthy), Carl Klingberg (Broken Nose Injury), Ben Johnson (Healthy), Slater Koekkoek (Healthy)
Brad Ross (Healthy), David Broll (Healthy), Dennis Persson (Healthy), Chris Driedger (Healthy)
Little Stars
5 vs 5 Forward
Center Left Wing Right Wing Time % Phy DF OF
1 Brian Flynn Shawn Matthias Alex Chiasson 40 1 2 2
2 Dana Tyrell Jesse Joensuu Hugh Jessiman 30 1 2 2
3 Mathieu Perreault Alexander Vasyunov Jesper Fast 20 1 2 2
4 Daniel Catenacci Robert Klinkhammer Scott Kosmachuck 10 1 2 2
5 vs 5 Defense
Defense Defense Time % Phy DF OF
1 Phil Oreskovic Niklas Hjalmarsson 40 1 2 2
2 Andrej Sustr Jordie Benn 30 1 2 2
3 Tyson Barrie Tyler Wotherspoon 20 1 2 2
4 Phil Oreskovic Niklas Hjalmarsson 10 1 2 2
PowerPlay Forward
Center Left Wing Right Wing Time % Phy DF OF
1 Brian Flynn Shawn Matthias Alex Chiasson 60 1 2 2
2 Dana Tyrell Jesse Joensuu Hugh Jessiman 40 1 2 2
PowerPlay Defense
Defense Defense Time % Phy DF OF
1 Phil Oreskovic Niklas Hjalmarsson 60 1 2 2
2 Andrej Sustr Jordie Benn 40 1 2 2
Penalty Kill 4 Players Forward
Center Wing Time % Phy DF OF
1 Alex Chiasson Shawn Matthias 60 1 2 2
2 Hugh Jessiman Brian Flynn 40 1 2 2
Penalty Kill 4 Players Defense
Defense Defense Time % Phy DF OF
1 Phil Oreskovic Niklas Hjalmarsson 60 1 2 2
2 Andrej Sustr Jordie Benn 40 1 2 2
Penalty Kill - 3 Players Forward
Forward Time % Phy DF OF
1 Alex Chiasson 60 1 2 2
2 Shawn Matthias 40 1 2 2
Penalty Kill - 3 Players Defense
Defense Defense Time % Phy DF OF
1 Phil Oreskovic Niklas Hjalmarsson 60 1 2 2
2 Andrej Sustr Jordie Benn 40 1 2 2
4 vs 4 Forward
Center Wing Time % Phy DF OF
1 Alex Chiasson Shawn Matthias 60 1 2 2
2 Hugh Jessiman Brian Flynn 40 1 2 2
4 vs 4 Defense
Defense Defense Time % Phy DF OF
1 Phil Oreskovic Niklas Hjalmarsson 60 1 2 2
2 Andrej Sustr Jordie Benn 40 1 2 2
Last Minutes Offensive
Center Left Wing Right Wing Defense Defense
Brian Flynn Shawn Matthias Alex Chiasson Phil Oreskovic Niklas Hjalmarsson
Last Minutes Defensive
Center Left Wing Right Wing Defense Defense
Brian Flynn Shawn Matthias Alex Chiasson Phil Oreskovic Niklas Hjalmarsson
Goaltenders
Starting : Jhonas Enroth
Backup : Peter Delmas
Extra Forwards
Normal : Mathieu Perreault, Jesper Fast, Alexander Vasyunov - PP : Mathieu Perreault, Jesper Fast - PK : Alexander Vasyunov
Extra Defensemen
Normal : Tyson Barrie, Tyler Wotherspoon, Andrej Sustr - PP : Tyson Barrie - PK : Tyler Wotherspoon, Andrej Sustr
Penalty Shots
Alex Chiasson, Shawn Matthias, Hugh Jessiman, Brian Flynn, Jesse Joensuu
Scratches
Daniel O'regan (Healthy), Michael Mersch (Healthy), Scott Harrington (Healthy), Reece Willcox (Healthy), Ville Pokka (Healthy)
Alexander Khokhlachev (Healthy), Anthony Camara (Healthy), Duncan Siemens (Healthy), Dillon Simpson (Healthy), Yannick Weber (Bruised Left Leg Injury)
Anthony Stolarz (Healthy)
% Time on Ice - Rafales
Lines # - Real PCT - Wanted PCT - Time Play
Normal Forward
1 - 33% - 40% - 15:34
2 - 30% - 30% - 14:15
3 - 23% - 20% - 10:38
4 - 14% - 10% - 6:33
Normal Defense
1 - 40% - 40% - 18:58
2 - 31% - 30% - 14:45
3 - 18% - 20% - 8:31
4 - 10% - 10% - 4:46
PP Forward
1 - 59% - 60% - 5:20
2 - 41% - 40% - 3:42
PP Defense
1 - 57% - 60% - 5:10
2 - 43% - 40% - 3:52
PK Forward
1 - 65% - 60% - 2:35
2 - 35% - 40% - 1:23
PK Defense
1 - 39% - 60% - 1:34
2 - 61% - 40% - 2:24
PK3 Forward
1 - 0% - 60%
2 - 0% - 40%
PK3 Defense
1 - 0% - 60%
2 - 0% - 40%
44 Forward
1 - 0% - 60%
2 - 0% - 40%
44 Defense
1 - 0% - 60%
2 - 0% - 40%
Last Minute Offensive - 0:00
Last Minute Defensive - 0:00
Total
Forward - 60:00
Defense - 60:00
|
% Time on Ice - Little Stars
Lines # - Real PCT - Wanted PCT - Time Play
Normal Forward
1 - 38% - 40% - 17:58
2 - 26% - 30% - 12:15
3 - 19% - 20% - 8:55
4 - 17% - 10% - 7:52
Normal Defense
1 - 40% - 40% - 18:39
2 - 37% - 30% - 17:18
3 - 21% - 20% - 10:03
4 - 2% - 10% - 1:00
PP Forward
1 - 28% - 60% - 1:06
2 - 72% - 40% - 2:52
PP Defense
1 - 49% - 60% - 1:57
2 - 51% - 40% - 2:01
PK Forward
1 - 64% - 60% - 5:45
2 - 36% - 40% - 3:17
PK Defense
1 - 56% - 60% - 5:02
2 - 44% - 40% - 4:00
PK3 Forward
1 - 0% - 60%
2 - 0% - 40%
PK3 Defense
1 - 0% - 60%
2 - 0% - 40%
44 Forward
1 - 0% - 60%
2 - 0% - 40%
44 Defense
1 - 0% - 60%
2 - 0% - 40%
Last Minute Offensive - 0:00
Last Minute Defensive - 0:00
Total
Forward - 60:00
Defense - 60:00
|
Play by Play
1st period
0:01 of 1st period - Mike Zigomanis wins face-off versus Brian Flynn in neutral zone.
0:36 of 1st period - Snap shot by Dana Tyrell.
0:36 of 1st period - Stopped by Philipp Grubauer without a rebound.
0:37 of 1st period - Nathan Davis wins face-off versus Mathieu Perreault in Rafales zone.
0:37 of 1st period - Nathan Davis is hit by Tyson Barrie.
0:43 of 1st period - Snap shot by Nathan Davis.
0:43 of 1st period - Shot Blocked by Tyson Barrie.
0:45 of 1st period - Slapshot by Connor Murphy.
0:45 of 1st period - Stopped by Jhonas Enroth with a rebound.
0:52 of 1st period - Double Minor Penalty to Mathieu Perreault for High sticking.
0:53 of 1st period - Alex Chiasson wins face-off versus Mike Zigomanis in Little Stars zone.
1:05 of 1st period - Snap shot by Cody McLeod.
1:05 of 1st period - Shot Misses the Net.
1:07 of 1st period - Snap shot by Cody McLeod.
1:07 of 1st period - Stopped by Jhonas Enroth without a rebound.
1:08 of 1st period - Michael Bournival wins face-off versus Hugh Jessiman in Little Stars zone.
2:25 of 1st period - Jordie Benn is hit by Michael Bournival and loses puck.
3:33 of 1st period - Andrej Sustr is hit by Dylan McIlrath and loses puck.
4:00 of 1st period - Phil Oreskovic is hit by Mark Fayne and loses puck.
4:52 of 1st period - Penalty to Mathieu Perreault is over, Mathieu Perreault is back on ice.
5:15 of 1st period - Dylan McIlrath is hit by Jordie Benn and loses puck.
5:28 of 1st period - Wrist shot by Dana Tyrell.
5:28 of 1st period - Stopped by Philipp Grubauer with a rebound.
6:25 of 1st period - Andrej Sustr is hit by Milan Bartovic and loses puck.
6:26 of 1st period - Andrej Sustr from Little Stars is injured at 6:26 of 1st period (Sports Hernia).
6:27 of 1st period - Mike Zigomanis wins face-off versus Brian Flynn in Little Stars zone.
6:59 of 1st period - Wrist shot by Michael Bournival.
6:59 of 1st period - Shot Misses the Net.
7:01 of 1st period - Minor Penalty to Jesse Joensuu for High sticking.
7:02 of 1st period - Alex Chiasson wins face-off versus Mike Zigomanis in Little Stars zone.
7:28 of 1st period - Jarret Stoll is hit by Hugh Jessiman and loses puck.
7:37 of 1st period - Snap shot by Tim Crowder.
7:37 of 1st period - Stopped by Jhonas Enroth with a rebound.
8:07 of 1st period - Hugh Jessiman is hit by Julian Melchiori and loses puck.
9:01 of 1st period - Penalty to Jesse Joensuu is over, Jesse Joensuu is back on ice.
9:08 of 1st period - Robert Klinkhammer is hit by Milan Bartovic and loses puck.
9:17 of 1st period - Milan Bartovic is hit by Jordie Benn and loses puck.
9:33 of 1st period - Mike Zigomanis is hit by Tyler Wotherspoon and loses puck.
9:49 of 1st period - Mark Fayne is hit by Jordie Benn and loses puck.
9:56 of 1st period - Tyler Wotherspoon is hit by Milan Bartovic and loses puck.
10:03 of 1st period - Snap shot by Mike Zigomanis.
10:03 of 1st period - Stopped by Jhonas Enroth with a rebound.
10:17 of 1st period - Wrist shot by Cody McLeod.
10:17 of 1st period - Stopped by Jhonas Enroth with a rebound.
10:19 of 1st period - Wrist shot by Mike Zigomanis.
10:19 of 1st period - Shot Misses the Net.
10:21 of 1st period - Wrist shot by Mike Zigomanis.
10:21 of 1st period - Shot Blocked by Tyler Wotherspoon.
10:23 of 1st period - Snap shot by Milan Bartovic.
10:23 of 1st period - Shot Misses the Net.
10:25 of 1st period - Backhand shot by Milan Bartovic.
10:25 of 1st period - Shot Blocked by Alexander Vasyunov.
10:27 of 1st period - Wrist shot by Mike Zigomanis.
10:27 of 1st period - Stopped by Jhonas Enroth without a rebound.
10:28 of 1st period - Brian Flynn wins face-off versus Jarret Stoll in Little Stars zone.
10:28 of 1st period - Brian Flynn is hit by Tim Crowder.
10:36 of 1st period - Brian Flynn is hit by Jarret Stoll and loses puck.
10:43 of 1st period - Wrist shot by Jarret Stoll.
10:43 of 1st period - Stopped by Jhonas Enroth with a rebound.
10:53 of 1st period - Mark Fayne is hit by Phil Oreskovic and loses puck.
11:04 of 1st period - Slapshot by Dana Tyrell.
11:04 of 1st period - Stopped by Philipp Grubauer with a rebound.
11:06 of 1st period - Wrist shot by Hugh Jessiman.
11:06 of 1st period - Stopped by Philipp Grubauer with a rebound.
11:27 of 1st period - Snap shot by Jarret Stoll.
11:27 of 1st period - Stopped by Jhonas Enroth with a rebound.
11:54 of 1st period - Julian Melchiori is hit by Hugh Jessiman.
12:17 of 1st period - Julian Melchiori is hit by Jesper Fast and loses puck.
13:34 of 1st period - Tim Crowder is hit by Shawn Matthias and loses puck.
13:49 of 1st period - Dana Tyrell is hit by Chris Terry and loses puck.
17:12 of 1st period - Snap shot by Brian Flynn.
17:12 of 1st period - Shot Blocked by Mark Fayne.
17:41 of 1st period - Icing by Maksim Mayorov.
17:42 of 1st period - Brian Flynn wins face-off versus Jarret Stoll in Rafales zone.
18:27 of 1st period - Icing by Phil Oreskovic.
18:28 of 1st period - Alexander Vasyunov wins face-off versus Nathan Davis in Little Stars zone.
18:37 of 1st period - Jesper Fast is hit by Brian Ferlin and loses puck.
19:15 of 1st period - Wrist shot by Dana Tyrell.
19:15 of 1st period - Shot Blocked by Milan Bartovic.
19:17 of 1st period - Slapshot by Tyson Barrie.
19:17 of 1st period - Deflect By Dana Tyrell.
19:17 of 1st period - Goal by Dana Tyrell - Rafales : 0 - Little Stars : 1.
19:18 of 1st period - Mike Zigomanis wins face-off versus Brian Flynn in neutral zone.
19:21 of 1st period - Niklas Hjalmarsson is hit by Mike Zigomanis.
Goals for this period are 0 for Rafales vs 1 for Little Stars.
Shots for this period are 8 for Rafales vs 5 for Little Stars.
2nd period
0:01 of 2nd period - Brian Flynn wins face-off versus Mike Zigomanis in neutral zone.
0:06 of 2nd period - Slapshot by Alex Chiasson.
0:06 of 2nd period - Deflect By Cody McLeod.
0:06 of 2nd period - Stopped by Philipp Grubauer with a rebound.
0:14 of 2nd period - Wrist shot by Brian Flynn.
0:14 of 2nd period - Stopped by Philipp Grubauer with a rebound.
0:28 of 2nd period - Slapshot by Phil Oreskovic.
0:28 of 2nd period - Shot Hit the Post.
0:30 of 2nd period - Slapshot by Niklas Hjalmarsson.
0:30 of 2nd period - Deflect By Hugh Jessiman.
0:30 of 2nd period - Stopped by Philipp Grubauer without a rebound.
0:31 of 2nd period - Dana Tyrell wins face-off versus Jarret Stoll in Rafales zone.
1:17 of 2nd period - Wrist shot by Robert Klinkhammer.
1:17 of 2nd period - Goal by Robert Klinkhammer - Rafales : 0 - Little Stars : 2.
1:18 of 2nd period - Mike Zigomanis wins face-off versus Dana Tyrell in neutral zone.
1:31 of 2nd period - Backhand shot by Dana Tyrell.
1:31 of 2nd period - Stopped by Philipp Grubauer with a rebound.
1:33 of 2nd period - Slapshot by Niklas Hjalmarsson.
1:33 of 2nd period - Stopped by Philipp Grubauer with a rebound.
1:43 of 2nd period - Julian Melchiori is hit by Brian Flynn and loses puck.
2:09 of 2nd period - Jesper Fast is hit by Chris Terry and loses puck.
2:37 of 2nd period - Minor Penalty to Tyler Wotherspoon for Interference.
2:38 of 2nd period - Mike Zigomanis wins face-off versus Alex Chiasson in Little Stars zone.
2:38 of 2nd period - Snap shot by Cody McLeod.
2:38 of 2nd period - Shot Misses the Net.
2:58 of 2nd period - Alex Chiasson is hit by Cody McLeod and loses puck.
3:10 of 2nd period - Off-side.
3:11 of 2nd period - Hugh Jessiman wins face-off versus Jarret Stoll in neutral zone.
3:14 of 2nd period - Michael Bournival is hit by Tyson Barrie and loses puck.
3:26 of 2nd period - Snap shot by Mark Fayne.
3:26 of 2nd period - Shot Misses the Net.
4:35 of 2nd period - Julian Melchiori is hit by Jesse Joensuu and loses puck.
4:37 of 2nd period - Penalty to Tyler Wotherspoon is over, Tyler Wotherspoon is back on ice.
4:44 of 2nd period - Snap shot by Jesse Joensuu.
4:44 of 2nd period - Shot Misses the Net.
4:46 of 2nd period - Slapshot by Tyler Wotherspoon.
4:46 of 2nd period - Stopped by Philipp Grubauer with a rebound.
4:52 of 2nd period - Julian Melchiori is hit by Jesse Joensuu and loses puck.
5:30 of 2nd period - Icing by Tyler Wotherspoon.
5:31 of 2nd period - Alexander Vasyunov wins face-off versus Mike Zigomanis in Little Stars zone.
5:31 of 2nd period - Alexander Vasyunov is hit by Mike Zigomanis.
5:39 of 2nd period - Jordie Benn is hit by Cody McLeod and loses puck.
5:46 of 2nd period - Wrist shot by Milan Bartovic.
5:46 of 2nd period - Shot Hit the Post.
5:56 of 2nd period - Shawn Matthias is hit by Mark Fayne and loses puck.
6:05 of 2nd period - Snap shot by Nathan Davis.
6:05 of 2nd period - Stopped by Jhonas Enroth with a rebound.
6:21 of 2nd period - Slapshot by Tyler Wotherspoon.
6:21 of 2nd period - Shot Blocked by Dylan McIlrath.
7:28 of 2nd period - Icing by Kevin Veilleux.
7:29 of 2nd period - Brian Flynn wins face-off versus Kevin Veilleux in Rafales zone.
7:39 of 2nd period - Wrist shot by Daniel Catenacci.
7:39 of 2nd period - Shot Blocked by Kevin Veilleux.
7:55 of 2nd period - Wrist shot by Dana Tyrell.
7:55 of 2nd period - Shot Misses the Net.
8:27 of 2nd period - Jesper Fast is hit by Michael Bournival and loses puck.
9:17 of 2nd period - Slapshot by Niklas Hjalmarsson.
9:17 of 2nd period - Shot Blocked by Marc-André Gragnani.
9:39 of 2nd period - Marc-André Gragnani is hit by Tyson Barrie.
9:43 of 2nd period - Jesper Fast is hit by Marc-André Gragnani and loses puck.
9:50 of 2nd period - Snap shot by Kevin Veilleux.
9:50 of 2nd period - Shot Misses the Net.
10:02 of 2nd period - Wrist shot by Nathan Davis.
10:02 of 2nd period - Stopped by Jhonas Enroth without a rebound.
10:03 of 2nd period - Nathan Davis wins face-off versus Dana Tyrell in Little Stars zone.
10:04 of 2nd period - Snap shot by Chris Terry.
10:04 of 2nd period - Shot Blocked by Niklas Hjalmarsson.
10:14 of 2nd period - Jesse Joensuu is hit by Nathan Davis and loses puck.
10:27 of 2nd period - Chris Terry is hit by Alexander Vasyunov and loses puck.
10:34 of 2nd period - Mathieu Perreault is hit by Julian Melchiori and loses puck.
11:00 of 2nd period - Snap shot by Jesper Fast.
11:00 of 2nd period - Shot Misses the Net.
11:02 of 2nd period - Snap shot by Jesper Fast.
11:02 of 2nd period - Goal by Jesper Fast - Rafales : 0 - Little Stars : 3.
11:03 of 2nd period - Mike Zigomanis wins face-off versus Dana Tyrell in neutral zone.
11:14 of 2nd period - Wrist shot by Dana Tyrell.
11:14 of 2nd period - Stopped by Philipp Grubauer with a rebound.
11:16 of 2nd period - Wrist shot by Dana Tyrell.
11:16 of 2nd period - Deflect By Mike Zigomanis.
11:16 of 2nd period - Shot Misses the Net.
11:16 of 2nd period - Puck is out of play.
11:17 of 2nd period - Brian Flynn wins face-off versus Mike Zigomanis in Rafales zone.
11:31 of 2nd period - Minor Penalty to Connor Murphy for Holding.
11:32 of 2nd period - Mike Zigomanis wins face-off versus Brian Flynn in Rafales zone.
13:22 of 2nd period - Dylan McIlrath is hit by Jesper Fast and loses puck.
13:31 of 2nd period - Penalty to Connor Murphy is over, Connor Murphy is back on ice.
14:01 of 2nd period - Dylan McIlrath is hit by Jesper Fast and loses puck.
14:08 of 2nd period - Tyson Barrie is hit by James Marcou and loses puck.
14:21 of 2nd period - Dana Tyrell is hit by Brian Ferlin.
14:53 of 2nd period - Mathieu Perreault is hit by Cody McLeod and loses puck.
15:06 of 2nd period - Connor Murphy is hit by Brian Flynn and loses puck.
15:26 of 2nd period - Wrist shot by Nathan Davis.
15:26 of 2nd period - Stopped by Jhonas Enroth with a rebound.
15:36 of 2nd period - Michael Bournival is hit by Mathieu Perreault and loses puck.
15:37 of 2nd period - Michael Bournival from Rafales is injured at 15:37 of 2nd period (Left Wrist).
15:38 of 2nd period - Cody McLeod wins face-off versus Brian Flynn in Rafales zone.
15:47 of 2nd period - Slapshot by Cody McLeod.
15:47 of 2nd period - Shot Misses the Net.
16:10 of 2nd period - Jarret Stoll is hit by Hugh Jessiman and loses puck.
16:35 of 2nd period - Wrist shot by Mathieu Perreault.
16:35 of 2nd period - Stopped by Philipp Grubauer without a rebound.
16:36 of 2nd period - Brian Flynn wins face-off versus Mike Zigomanis in Rafales zone.
17:25 of 2nd period - Niklas Hjalmarsson is hit by Chris Terry.
18:08 of 2nd period - Wrist shot by Brian Flynn.
18:08 of 2nd period - Shot Blocked by Cody McLeod.
18:16 of 2nd period - Niklas Hjalmarsson is hit by Milan Bartovic and loses puck.
18:27 of 2nd period - Phil Oreskovic is hit by Marc-André Gragnani and loses puck.
18:34 of 2nd period - Snap shot by Tim Crowder.
18:34 of 2nd period - Deflect By Alex Chiasson.
18:34 of 2nd period - Shot Misses the Net.
18:34 of 2nd period - Puck is out of play.
18:35 of 2nd period - Jarret Stoll wins face-off versus Dana Tyrell in Little Stars zone.
18:38 of 2nd period - Slapshot by Jarret Stoll.
18:38 of 2nd period - Shot Blocked by Tyson Barrie.
18:46 of 2nd period - Slapshot by Marc-André Gragnani.
18:46 of 2nd period - Shot Blocked by Tyler Wotherspoon.
19:26 of 2nd period - Snap shot by Alex Chiasson.
19:26 of 2nd period - Stopped by Philipp Grubauer without a rebound.
19:27 of 2nd period - Brian Flynn wins face-off versus Mike Zigomanis in Rafales zone.
19:33 of 2nd period - Off-side.
19:34 of 2nd period - Mike Zigomanis wins face-off versus Brian Flynn in neutral zone.
19:47 of 2nd period - Wrist shot by Milan Bartovic.
19:47 of 2nd period - Shot Blocked by Tyler Wotherspoon.
Goals for this period are 0 for Rafales vs 2 for Little Stars.
Shots for this period are 3 for Rafales vs 11 for Little Stars.
3rd period
0:01 of 3rd period - Mike Zigomanis wins face-off versus Dana Tyrell in neutral zone.
0:08 of 3rd period - Snap shot by Cody McLeod.
0:08 of 3rd period - Stopped by Jhonas Enroth without a rebound.
0:09 of 3rd period - Dana Tyrell wins face-off versus Cody McLeod in Little Stars zone.
0:20 of 3rd period - Wrist shot by Milan Bartovic.
0:20 of 3rd period - Stopped by Jhonas Enroth with a rebound.
0:33 of 3rd period - Snap shot by Jesse Joensuu.
0:33 of 3rd period - Deflect By Dana Tyrell.
0:33 of 3rd period - Goal by Dana Tyrell - Rafales : 0 - Little Stars : 4.
0:33 of 3rd period - Leland Irving enters game.
0:34 of 3rd period - Shawn Matthias wins face-off versus Milan Bartovic in neutral zone.
0:45 of 3rd period - Snap shot by Cody McLeod.
0:45 of 3rd period - Shot Misses the Net.
0:51 of 3rd period - Cody McLeod is hit by Brian Flynn and loses puck.
1:38 of 3rd period - Icing by Chris Terry.
1:39 of 3rd period - Nathan Davis wins face-off versus Daniel Catenacci in Rafales zone.
1:50 of 3rd period - Slapshot by Milan Bartovic.
1:50 of 3rd period - Shot Blocked by Scott Kosmachuck.
1:58 of 3rd period - Mark Fayne is hit by Tyson Barrie and loses puck.
2:03 of 3rd period - Slapshot by Niklas Hjalmarsson.
2:03 of 3rd period - Stopped by Leland Irving without a rebound.
2:04 of 3rd period - Shawn Matthias wins face-off versus Tim Crowder in Rafales zone.
2:11 of 3rd period - Wrist shot by Brian Flynn.
2:11 of 3rd period - Shot Misses the Net.
2:16 of 3rd period - Connor Murphy is hit by Phil Oreskovic and loses puck.
2:59 of 3rd period - Wrist shot by Robert Klinkhammer.
2:59 of 3rd period - Stopped by Leland Irving with a rebound.
3:01 of 3rd period - Snap shot by Robert Klinkhammer.
3:01 of 3rd period - Shot Blocked by Brian Ferlin.
3:19 of 3rd period - Snap shot by Jesper Fast.
3:19 of 3rd period - Shot Misses the Net.
3:21 of 3rd period - Snap shot by Jesper Fast.
3:21 of 3rd period - Goal by Jesper Fast - Rafales : 0 - Little Stars : 5.
3:22 of 3rd period - Alex Chiasson wins face-off versus Mike Zigomanis in neutral zone.
3:25 of 3rd period - Marc-André Gragnani is hit by Alex Chiasson and loses puck.
4:54 of 3rd period - Wrist shot by Brian Flynn.
4:54 of 3rd period - Stopped by Leland Irving without a rebound.
4:55 of 3rd period - Mike Zigomanis wins face-off versus Dana Tyrell in Rafales zone.
5:05 of 3rd period - Hugh Jessiman is hit by Cody McLeod and loses puck.
5:20 of 3rd period - Alex Chiasson is hit by Marc-André Gragnani and loses puck.
5:45 of 3rd period - Mark Fayne is hit by Alexander Vasyunov.
6:04 of 3rd period - Connor Murphy is hit by Tyler Wotherspoon and loses puck.
6:34 of 3rd period - Icing by Alex Chiasson.
6:35 of 3rd period - Brian Flynn wins face-off versus Jarret Stoll in Little Stars zone.
6:40 of 3rd period - Dylan McIlrath is hit by Brian Flynn and loses puck.
6:55 of 3rd period - Slapshot by Brian Flynn.
6:55 of 3rd period - Stopped by Leland Irving with a rebound.
6:57 of 3rd period - Slapshot by Alex Chiasson.
6:57 of 3rd period - Shot Misses the Net.
8:08 of 3rd period - Tim Crowder is hit by Alex Chiasson and loses puck.
8:28 of 3rd period - Tyson Barrie is hit by Connor Murphy and loses puck.
9:03 of 3rd period - Snap shot by Brian Flynn.
9:03 of 3rd period - Shot Blocked by Connor Murphy.
9:18 of 3rd period - Snap shot by Jarret Stoll.
9:18 of 3rd period - Shot Misses the Net.
9:20 of 3rd period - Slapshot by Mark Fayne.
9:20 of 3rd period - Stopped by Jhonas Enroth without a rebound.
9:21 of 3rd period - Dana Tyrell wins face-off versus Mike Zigomanis in Little Stars zone.
9:21 of 3rd period - Dana Tyrell is hit by Mike Zigomanis.
9:30 of 3rd period - Minor Penalty to Cody McLeod for Roughing.
9:31 of 3rd period - Jayson Megna wins face-off versus Hugh Jessiman in Rafales zone.
10:23 of 3rd period - Snap shot by Jesper Fast.
10:23 of 3rd period - Stopped by Leland Irving without a rebound.
10:24 of 3rd period - Jayson Megna wins face-off versus Dana Tyrell in Rafales zone.
10:48 of 3rd period - Off-side.
10:49 of 3rd period - Mike Zigomanis wins face-off versus Mathieu Perreault in neutral zone.
11:16 of 3rd period - Dana Tyrell is hit by Jayson Megna and loses puck.
11:21 of 3rd period - Snap shot by Milan Bartovic.
11:21 of 3rd period - Shot Blocked by Jordie Benn.
11:23 of 3rd period - Wrist shot by Milan Bartovic.
11:23 of 3rd period - Stopped by Jhonas Enroth with a rebound.
11:25 of 3rd period - Slapshot by Connor Murphy.
11:25 of 3rd period - Stopped by Jhonas Enroth without a rebound.
11:26 of 3rd period - Mike Zigomanis wins face-off versus Dana Tyrell in Little Stars zone.
11:30 of 3rd period - Penalty to Cody McLeod is over, Cody McLeod is back on ice.
11:35 of 3rd period - Connor Murphy is hit by Alexander Vasyunov and loses puck.
12:10 of 3rd period - Slapshot by Niklas Hjalmarsson.
12:10 of 3rd period - Stopped by Leland Irving with a rebound.
12:12 of 3rd period - Wrist shot by Daniel Catenacci.
12:12 of 3rd period - Goal by Daniel Catenacci - Rafales : 0 - Little Stars : 6.
12:13 of 3rd period - Jarret Stoll wins face-off versus Dana Tyrell in neutral zone.
12:18 of 3rd period - Snap shot by Jarret Stoll.
12:18 of 3rd period - Stopped by Jhonas Enroth without a rebound.
12:19 of 3rd period - Jarret Stoll wins face-off versus Dana Tyrell in Little Stars zone.
12:26 of 3rd period - Slapshot by Mark Fayne.
12:26 of 3rd period - Shot Blocked by Tyson Barrie.
12:28 of 3rd period - Snap shot by Tim Crowder.
12:28 of 3rd period - Stopped by Jhonas Enroth with a rebound.
12:30 of 3rd period - Snap shot by Jarret Stoll.
12:30 of 3rd period - Shot Hit the Post.
12:32 of 3rd period - Slapshot by Mark Fayne.
12:32 of 3rd period - Shot Misses the Net.
12:44 of 3rd period - Slapshot by Nathan Davis.
12:44 of 3rd period - Goal by Nathan Davis - Rafales : 1 - Little Stars : 6.
12:45 of 3rd period - Mike Zigomanis wins face-off versus Dana Tyrell in neutral zone.
12:49 of 3rd period - Phil Oreskovic and Mark Fayne fight to a draw.
12:49 of 3rd period - Penalty to Phil Oreskovic for Fighting.
12:49 of 3rd period - Penalty to Mark Fayne for Fighting.
12:50 of 3rd period - Cody McLeod wins face-off versus Dana Tyrell in Little Stars zone.
12:51 of 3rd period - Snap shot by Milan Bartovic.
12:51 of 3rd period - Shot Blocked by Tyson Barrie.
13:20 of 3rd period - Brian Flynn is hit by Tim Crowder and loses puck.
13:25 of 3rd period - Snap shot by Tim Crowder.
13:25 of 3rd period - Shot Misses the Net.
13:39 of 3rd period - Connor Murphy is hit by Jordie Benn.
14:04 of 3rd period - Minor Penalty to Tyson Barrie for Hooking.
14:05 of 3rd period - Mike Zigomanis wins face-off versus Alex Chiasson in Little Stars zone.
14:05 of 3rd period - Wrist shot by Cody McLeod.
14:05 of 3rd period - Stopped by Jhonas Enroth with a rebound.
14:07 of 3rd period - Snap shot by Cody McLeod.
14:07 of 3rd period - Deflect By Milan Bartovic.
14:07 of 3rd period - Shot Misses the Net.
14:07 of 3rd period - Puck is out of play.
14:08 of 3rd period - Mike Zigomanis wins face-off versus Alex Chiasson in Little Stars zone.
14:09 of 3rd period - Wrist shot by Cody McLeod.
14:09 of 3rd period - Stopped by Jhonas Enroth with a rebound.
14:11 of 3rd period - Wrist shot by Milan Bartovic.
14:11 of 3rd period - Stopped by Jhonas Enroth without a rebound.
14:12 of 3rd period - Alex Chiasson wins face-off versus Mike Zigomanis in Little Stars zone.
15:09 of 3rd period - Slapshot by Marc-André Gragnani.
15:09 of 3rd period - Goal by Marc-André Gragnani - Rafales : 2 - Little Stars : 6.
15:10 of 3rd period - Hugh Jessiman wins face-off versus Mike Zigomanis in neutral zone.
15:13 of 3rd period - Mike Zigomanis is hit by Jesse Joensuu and loses puck.
15:22 of 3rd period - Milan Bartovic is hit by Dana Tyrell and loses puck.
15:35 of 3rd period - Tim Crowder is hit by Brian Flynn and loses puck.
16:04 of 3rd period - Marc-André Gragnani is hit by Mathieu Perreault.
16:22 of 3rd period - Jesse Joensuu is hit by Mike Zigomanis and loses puck.
16:37 of 3rd period - Robert Klinkhammer is hit by Connor Murphy and loses puck.
16:46 of 3rd period - Snap shot by Robert Klinkhammer.
16:46 of 3rd period - Shot Misses the Net.
16:56 of 3rd period - Brian Flynn is hit by James Marcou and loses puck.
17:15 of 3rd period - Snap shot by James Marcou.
17:15 of 3rd period - Stopped by Jhonas Enroth with a rebound.
18:08 of 3rd period - Tyler Wotherspoon is hit by Jarret Stoll and loses puck.
18:29 of 3rd period - Snap shot by Scott Kosmachuck.
18:29 of 3rd period - Shot Blocked by Mark Fayne.
19:30 of 3rd period - Icing by Milan Bartovic.
19:31 of 3rd period - Daniel Catenacci wins face-off versus Cody McLeod in Rafales zone.
19:32 of 3rd period - Snap shot by Robert Klinkhammer.
19:32 of 3rd period - Deflect By Mike Zigomanis.
19:32 of 3rd period - Shot Blocked by Connor Murphy.
19:32 of 3rd period - Puck is out of play.
19:33 of 3rd period - Petr Kalus wins face-off versus Dana Tyrell in Rafales zone.
19:48 of 3rd period - Slapshot by Mark Fayne.
19:48 of 3rd period - Shot Misses the Net.
Goals for this period are 2 for Rafales vs 3 for Little Stars.
Shots for this period are 13 for Rafales vs 9 for Little Stars.
Back to the Top